 Dungeon Crawl Stone Soup version 0.30-a0-360-g447f08457e (webtiles) character file.

Game seed: 1864211500065387040

3280 NinjaNoafa the Grappler (level 9, -5/80 HPs)
             Began as a Troll Fighter on Nov 11, 2022.
             Slain by a two-headed ogre
             ... wielding a +0 giant club
              (9 damage)
             ... on level 6 of the Dungeon on Nov 14, 2022.
             The game lasted 00:16:06 (4626 turns).

NinjaNoafa the Grappler (Troll Fighter)             Turns: 4626, Time: 00:16:07

Health: -5/80      AC:  4    Str: 30    XL:     9   Next: 69%
Magic:  0/8        EV: 12    Int:  4    God:
Gold:   184        SH:  0    Dex:  9    Spells: 8/8 levels left

rFire   . . .      SeeInvis .      - Unarmed
rCold   . . .      Faith    .    b - +0 kite shield
rNeg    . . .      Spirit   +    a - +0 robe
rPois   +          Reflect  .    (helmet restricted)
rElec   .          Harm     +    w - scarf {harm}
rCorr   .          Rampage  .    (gloves unavailable)
Will    .....                    (boots unavailable)
Stlth   +.........               o - amulet of guardian spirit
HPRegen 1.13/turn                j - ring of poison resistance
MPRegen 0.11/turn                x - +4 ring of evasion

@: confused, ambrosia-drunk
A: large, unfitting armour, claws 3, regeneration 1, shaggy fur 1, tough skin 1
a: no special abilities


You were on level 6 of the Dungeon.
You visited 1 branch of the dungeon, and saw 6 of its levels.
You also visited: Sewer.

You collected 331 gold pieces.
You spent 147 gold pieces at shops.

Inventory:

Missiles
 e - an atropa-tipped dart (quivered)
 i - 53 stones
 l - 16 poisoned darts
 v - 5 boomerangs
Armour
 a - a +0 robe (worn)
 b - a +0 kite shield (worn)
 w - a scarf of harm (worn)
Jewellery
 j - a ring of poison resistance (left claw)
 o - an amulet of guardian spirit (around neck)
 x - a +4 ring of evasion (right claw)
Wands
 p - a wand of charming (9)
 s - a wand of polymorph (5)
 z - a wand of flame (21)
Scrolls
 k - 3 scrolls of teleportation
 q - a scroll of fear
 r - a scroll of blinking {unknown}
 u - a scroll of amnesia {unknown}
 y - a scroll of vulnerability {unknown}
 B - a scroll of acquirement {unknown}
 C - a scroll of silence {unknown}
Potions
 c - a potion of might
 d - a potion of degeneration {unknown}
 f - 3 potions of lignification
 g - 4 potions of cancellation {unknown}
 h - 10 potions of curing
 m - a potion of ambrosia
 n - a potion of resistance {unknown}
 t - 2 potions of flight
 A - a potion of brilliance {unknown}
 D - a potion of berserk rage {unknown}


   Skills:
 - Level 2.4 Fighting
 - Level 2.4 Dodging
 - Level 2.6 Shields
 + Level 13.7 Unarmed Combat


You had 8 spell levels left.
You didn't know any spells.
Your spell library contained the following spells:

 Spells                   Type           Power      Damage    Failure   Level
 Magic Dart               Conj           0%         1d3       80%         1
 Sandblast                Erth           0%         2d4       80%         1
 Call Imp                 Summ           0%         N/A       91%         2
 Passwall                 Tmut/Erth      0%         N/A       91%         2
 Static Discharge         Conj/Air       0%         2-2/arc   91%         2
 Sublimation of Blood     Necr           0%         N/A       91%         2
 Wereblood                Tmut           0%         N/A       91%         2
 Dazzling Flash           Conj/Hex       0%         N/A       99%         3
 Gell's Gravitas          Tloc           0%         N/A       99%         3
 Mephitic Cloud           Conj/Pois/Air  0%         N/A       99%         3
 Stone Arrow              Conj/Erth      0%         3d7       99%         3
 Teleport Other           Tloc           0%         N/A       99%         3
 Vhi's Electric Charge    Tloc/Air       0%         N/A       99%         3
 Iskenderun's Mystic Bla  Conj/Tloc      0%         2d3       100%        4
 Arcjolt                  Conj/Air       0%         1d10      100%        5
 Lightning Bolt           Conj/Air       0%         1d11      100%        5
 Dispersal                Tloc           0%         N/A       100%        6
 Starburst                Conj/Fire      0%         6d3       100%        6
 Summon Hydra             Summ           0%         N/A       100%        7


Dungeon Overview and Level Annotations

Branches:
Dungeon (6/15)              Sewer (visited)
 Temple: D:4-7

Altars:
Ashenzari

Shops:
D:1 [   D:3 *

Annotations:
D:5 3 runed translucent doors, tonyyikes's ghost, novice TrWr


Innate Abilities, Weirdness & Mutations

You are too large for most types of armour.
You have claws for hands.
Your natural rate of healing is unusually fast.
You are covered in fur. (AC +1)
You have tough skin. (AC +1)


Message History

The iguana bites you.
You scratch the iguana.
The iguana is severely wounded.
The iguana closely misses you.
You mangle the iguana!!
You kill the iguana!
You see here an iguana corpse.
You now have 184 gold pieces (gained 16).
Items here: )) ††.
You see here a +0 rapier.
You see here an iguana corpse.
There is an open door, spattered with blood here.
A two-headed ogre and an adder come into view.
Found a club.
The two-headed ogre shouts in stereo!
There are monsters nearby!
The adder hisses angrily.
Throw: 17 darts (poison)
Press: ? - help, Q - select action, (/) - cycle Shift-Dir - straight line, f - two-headed ogre
Aim: a two-headed ogre, wielding two +0 giant clubs (71% to hit)
You throw a poisoned dart.
The poisoned dart barely misses the two-headed ogre.
Throw: 2 darts (atropa)
Press: ? - help, Q - select action, (/) - cycle Shift-Dir - straight line, f/p - two-headed ogre
Aim: a two-headed ogre, wielding two +0 giant clubs (71% to hit, chance to blind on hit: 3%)
You throw an atropa-tipped dart.
The atropa-tipped dart barely misses the two-headed ogre.
The atropa-tipped dart barely misses the adder.
The two-headed ogre hits you with a +0 giant club!!
The two-headed ogre closely misses you.
You claw the two-headed ogre!
The two-headed ogre is moderately wounded.
You are confused.
You feel invigorated. The two-headed ogre closely misses you.
The two-headed ogre hits you with a +0 giant club!!
The two-headed ogre attacks as you move away!
The two-headed ogre hits you with a +0 giant club!!
* * * LOW HITPOINT WARNING * * *
The two-headed ogre hits you with a +0 giant club!
You die...

#.#
.....'...##......#)#
#.#
.....#...####......#
#.# .... #...#
#######.# #.# ..)
#...###...###.# ##
#.# ####
#...##.....##.####.
#.. ....#
#...#).)....#......
### ......
#...'†......######.
#.....##...#†......#
#.
#..)...#O@.##.....##
#. #(....S..###...##
#. ########## #####
#. #. #. #. #. ##


You could see a two-headed ogre and an adder.

Vanquished Creatures
  Pikel (D:5)
  A komodo dragon (D:6)
  Grinder (D:5)
  Sigmund (D:2)
  Eustachio (D:6)
  Edmund (D:5)
  A water moccasin (D:5)
  2 ice beasts
  A black bear (D:6)
  5 ogres
  A centaur (D:6)
  A lemure (D:5)
  A kobold brigand (Sewer)
  A bullfrog (D:6)
  A necrophage (D:4)
  2 scorpions
  2 jellies (D:5)
  A hound (D:6)
  2 orc priests
  7 iguanas
  Terence (D:2)
  An orc wizard (D:6)
  Robin (D:4)
  6 gnolls
  15 adders
  2 shadow imps (D:6)
  A white imp (D:6)
  2 ufetubi
  3 worms
  2 dart slugs
  13 orcs
  4 bats
  9 endoplasms
  6 giant cockroaches
  15 goblins
  10 hobgoblins
  3 jackals (D:3)
  7 quokkas
  7 ball pythons
  3 frilled lizards
  11 kobolds
  13 rats
169 creatures vanquished.

Notes
Turn   | Place    | Note
-------+----------+-------------------------------------------
     0 | D:1      | NinjaNoafa the Troll Fighter began the quest for the Orb.
     0 | D:1      | Reached XP level 1. HP: 22/22 MP: 0/0
    26 | D:1      | Upgraded the game from 0.30-a0-359-gd0147acb1a to
                  | 0.30-a0-360-g447f08457e
   170 | D:1      | Reached XP level 2. HP: 26/29 MP: 1/1
   255 | D:1      | Reached skill level 3 in Unarmed Combat
   366 | D:1      | Found Suedu's Armour Shop.
  1090 | D:2      | Reached XP level 3. HP: 36/36 MP: 2/2
  1116 | D:2      | Reached skill level 4 in Unarmed Combat
  1137 | D:2      | Noticed Sigmund
  1143 | D:2      | Killed Sigmund
  1144 | D:2      | Reached skill level 5 in Unarmed Combat
  1144 | D:2      | Reached XP level 4. HP: 44/44 MP: 3/3
  1144 | D:2      | Reached XP level 5. HP: 50/50 MP: 4/4
  1197 | D:2      | Reached skill level 6 in Unarmed Combat
  1254 | D:2      | Found a broken altar of Ashenzari.
  1255 | D:2      | Noticed Terence
  1259 | D:2      | Killed Terence
  1339 | D:2      | Reached XP level 6. HP: 58/59 MP: 5/5
  2097 | D:3      | Found a glowing drain.
  2134 | D:3      | Reached skill level 7 in Unarmed Combat
  2145 | Sewer    | Entered a sewer
  2295 | Sewer    | Found a white marble altar of Elyvilon.
  2418 | D:3      | Found Vasiv's General Store.
  2421 | D:3      | Bought a scroll of teleportation for 39 gold pieces
  2500 | D:1      | Bought a scarf of harm for 108 gold pieces
  2860 | D:4      | Reached XP level 7. HP: 56/66 MP: 4/6
  2957 | D:4      | Reached skill level 8 in Unarmed Combat
  3093 | D:4      | Noticed Robin
  3125 | D:4      | Killed Robin
  3271 | D:4      | Reached skill level 9 in Unarmed Combat
  3427 | D:5      | Entered Level 5 of the Dungeon
  3437 | D:5      | Found a runed translucent gate.
  3437 | D:5      | Found a runed translucent gate.
  3440 | D:5      | Found a runed translucent gate.
  3440 | D:5      | Noticed tonyyikes's ghost (novice TrWr)
  3443 | D:5      | Noticed Edmund
  3449 | D:5      | Killed Edmund
  3450 | D:5      | Reached XP level 8. HP: 74/74 MP: 7/7
  3494 | D:5      | Reached skill level 10 in Unarmed Combat
  3508 | D:5      | Noticed Grinder
  3508 | D:5      | Noticed Pikel
  3521 | D:5      | Killed Pikel
  3522 | D:5      | Reached skill level 11 in Unarmed Combat
  3536 | D:5      | Killed Grinder
  3819 | D:5      | Reached XP level 9. HP: 65/80 MP: 6/8
  4065 | D:5      | Reached skill level 12 in Unarmed Combat
  4320 | D:6      | Noticed Eustachio
  4342 | D:6      | Killed Eustachio
  4496 | D:6      | Noticed a komodo dragon
  4505 | D:6      | Killed a komodo dragon
  4506 | D:6      | Reached skill level 13 in Unarmed Combat
  4618 | D:6      | Noticed a two-headed ogre
  4626 | D:6      | HP: 4/80 [two-headed ogre/+0 giant club (30)]
  4626 | D:6      | Slain by a two-headed ogre

Illustrated notes

Levels and vault maps discovered:
D:1:      dpeg_cavernosity, layout_basic, serial_shops,
          nicolae_shop_advertising_works [nicolae_subvault_shop_adworks]
D:2:      layout_loops_cross, basic_altar, chequers_serial_rivers_small_b,
          uniq_sigmund, uniq_terence
D:3:      layout_loops_ring, serial_shops, nicolae_shop_behind_doors,
          gup_sewer_entry_glass, minmay_increasing_density
D:4:      layout_rooms, minmay_crossroads, uniq_robin
D:5:      layout_basic, gammafunk_ghost_split, bh_walls_and_bars, uniq_edmund,
          uniq_grinder, uniq_pikel
D:6:      minmay_opposing_rooms, layout_basic, minmay_overflow_temple_hex,
          uniq_eustachio, uniq_menkaure

Skill      XL: |  1  2  3  4  5  6  7  8  9 |
---------------+----------------------------+-----
Unarmed Combat | 3 5 6 7 9 11 13 | 13.7
Fighting       | |  2.4
Dodging        | |  2.4
Shields        | |  2.6

Action                   |  1- 3 |  4- 6 |  7- 9 || total
-------------------------+-------+-------+-------++-------
Melee: Unarmed           |    61 |   164 |   205 ||   430
Throw: Dart              |       |     5 |     4 ||     9
       Boomerang         |       |       |    11 ||    11
Evoke: Wand              |       |       |     3 ||     3
  Use: Potion            |       |     1 |     5 ||     6
       Scroll            |       |     1 |     4 ||     5
 Stab: Sleeping          |     1 |       |       ||     1
Armor: Robe              |    15 |    59 |    52 ||   126
       Skin              |       |       |     3 ||     3
Dodge: Dodged            |    23 |    55 |   136 ||   214
Block: Kite shield       |    19 |    62 |    96 ||   177

Table legend: (Time is in decaauts)
 A = Elapsed time spent in this place.
 B = Non-inter-level travel time spent in this place.
 C = Inter-level travel time spent in this place.
 D = Time resting spent in this place.
 E = Time spent auto-exploring this place.
 F = Levels seen in this place.
 G = Mean time per level.
                   A        B        C        D        E       F      G
               +--------+--------+--------+--------+--------+-----+--------+
         Total |   4647 |   4417 |    230 |     43 |   3124 |   7 |  663.9 |
       Dungeon |   4419 |   4189 |    230 |     43 |   2970 |   6 |  736.5 |
         Sewer |    228 |    228 |      0 |      0 |    153 |   1 |  228.0 |
               +--------+--------+--------+--------+--------+-----+--------+

Top non-repeatable levels by time:
     D:1: 1099 daAuts
     D:3: 865 daAuts
     D:5: 702 daAuts
     D:2: 693 daAuts
     D:4: 597 daAuts
     D:6: 461 daAuts
   Sewer: 228 daAuts
